 Dungeon Crawl Stone Soup version 0.30-a0-354-g6b83867211 (webtiles) character file.

Game seed: 15758981252659920723

44 Low2 the Twirler (level 3, 0/37 HPs)
             Began as an Ogre Gladiator on Nov 8, 2022.
             Succumbed to an adder's poison
             ... on level 2 of the Dungeon.
             The game lasted 00:04:09 (681 turns).

Low2 the Twirler (Ogre Gladiator)                    Turns: 681, Time: 00:04:09

Health: 0/37       AC:  3    Str: 20    XL:     3   Next: 60%
Magic:  3/3        EV: 10    Int:  9    God:
Gold:   34         SH:  0    Dex: 10    Spells: 2/2 levels left

rFire   . . .      SeeInvis .    a - +0 quarterstaff
rCold   . . .      Faith    .    (shield currently unavailable)
rNeg    . . .      Spirit   .    b - +0 robe
rPois   .          Reflect  .    c - +0 hat
rElec   .          Harm     .    (no cloak)
rCorr   .          Rampage  .    (gloves unavailable)
Will    .....                    (boots unavailable)
Stlth   +.........               (no amulet)
HPRegen 0.26/turn                (no ring)
MPRegen 0.08/turn                (no ring)

@: lethally poisoned (0 -> -2)
A: large, unfitting armour, tough skin 1
a: no special abilities


You were on level 2 of the Dungeon.
You visited 1 branch of the dungeon, and saw 2 of its levels.

You collected 34 gold pieces.

Inventory:

Hand Weapons
 a - a +0 quarterstaff (weapon)
 d - a +0 dagger
Armour
 b - a +0 robe (worn)
 c - a +0 hat (worn)
Scrolls
 g - a scroll of identify
Potions
 i - a potion of cancellation


   Skills:
 + Level 3.1 Fighting
 + Level 3.7 Staves
 + Level 2.2 Throwing
 + Level 3.2 Dodging


You had 2 spell levels left.
You didn't know any spells.
Your spell library contained the following spells:

 Spells                   Type           Power      Damage    Failure   Level
 Static Discharge         Conj/Air       0%         2-2/arc   52%         2
 Vhi's Electric Charge    Tloc/Air       0%         N/A       77%         3
 Arcjolt                  Conj/Air       0%         1d10      100%        5
 Lightning Bolt           Conj/Air       0%         1d11      100%        5


Dungeon Overview and Level Annotations

Branches:
Dungeon (2/15)

Altars:

Annotations:
D:2 Robin


Innate Abilities, Weirdness & Mutations

You are too large for most types of armour.
You have tough skin. (AC +1)


Message History

A goblin comes into view. It is wielding a +0 club.
The adder closely misses you.
As you read the scroll of teleportation, it crumbles to dust.
You feel strangely unstable.
You feel sick. The goblin barely misses you. Robin misses you.
The adder bites you but does no damage.
You closely miss the goblin.
You feel sick. The adder bites you.
* * * LOW HITPOINT WARNING * * *
You are lethally poisoned!
The adder poisons you! The goblin hits you with a +0 club.
* * * LOW HITPOINT WARNING * * *
Robin closely misses you. The adder completely misses you.
The goblin shouts!
You thump the goblin!
You kill the goblin!
* * * LOW HITPOINT WARNING * * *
You feel very sick.
Robin roars a battlecry!
The goblins go into a battle-frenzy!
The adder barely misses you.
A goblin comes into view. It is wielding a +0 dagger. x2
Robin barely misses you.
You hear a shout!
* * * LOW HITPOINT WARNING * * *
You feel sick.
The goblin no longer looks unusually strong.
Items here: )) ††.
The adder attacks as you move away! The adder closely misses you.
Your surroundings suddenly seem different.
* * * LOW HITPOINT WARNING * * *
You feel sick.
There is a lethal amount of poison in your body!
* * * LOW HITPOINT WARNING * * *
You feel sick.
* * * LOW HITPOINT WARNING * * *
You feel sick.
* * * LOW HITPOINT WARNING * * *
You feel sick.
There is a lethal amount of poison in your body!
Drinking this now will have no effect.
You die...

.....# ....#
#+#.#.## # #......#
#.#...#..#
#........# #
##......#####...#
#....@...........
...........#######.
#####.........#
......#..##.#
###.#....# ..
......... ..
#####...... .
#..#.#..


There were no monsters in sight!

Vanquished Creatures
  A dart slug (D:1)
  A ball python (D:2)
  3 bats (D:1)
  4 endoplasms (D:1)
  4 goblins
  3 hobgoblins (D:1)
  10 jackals (D:1)
  3 kobolds
  2 quokkas (D:1)
  A rat (D:1)
32 creatures vanquished.

Notes
Turn   | Place    | Note
-------+----------+-------------------------------------------
     0 | D:1      | Low2 the Ogre Gladiator began the quest for the Orb.
     0 | D:1      | Reached XP level 1. HP: 22/22 MP: 1/1
    46 | D:1      | Reached XP level 2. HP: 6/29 MP: 2/2
   365 | D:1      | Reached XP level 3. HP: 36/36 MP: 3/3
   661 | D:2      | Noticed Robin
   679 | D:2      | HP: 1/37 [poisoned by an adder]
   681 | D:2      | Succumbed to an adder's poison

Illustrated notes

Levels and vault maps discovered:
D:1:      mrwooster_arrival_statue, layout_basic
D:2:      layout_basic, basic_altar, uniq_sigmund, uniq_robin

Skill      XL: |  1  2  3 |
---------------+----------+-----
Dodging        | 3 |  3.2
Fighting       | 3 |  3.1
Staves         | |  3.7
Throwing       | |  2.2

Action                   || total
-------------------------++-------
Melee: Quarterstaff      ||    76
Throw: Throwing net      ||     5
       Large rock        ||     4
  Use: Scroll            ||     3
Armor: Robe              ||    42
Dodge: Dodged            ||    73

Table legend: (Time is in decaauts)
 A = Elapsed time spent in this place.
 B = Non-inter-level travel time spent in this place.
 C = Inter-level travel time spent in this place.
 D = Time resting spent in this place.
 E = Time spent auto-exploring this place.
 F = Levels seen in this place.
 G = Mean time per level.
                   A        B        C        D        E       F      G
               +--------+--------+--------+--------+--------+-----+--------+
         Total |    693 |    693 |      0 |     81 |      0 |   2 |  346.5 |
       Dungeon |    693 |    693 |      0 |     81 |      0 |   2 |  346.5 |
               +--------+--------+--------+--------+--------+-----+--------+

Top non-repeatable levels by time:
     D:1: 638 daAuts
     D:2: 55 daAuts
